 Dungeon Crawl Stone Soup version 0.19.1-1-g22dce08 (webtiles) character file.

28 Alarkh the Chopper (level 3, 31/31 HPs)
             Began as a Draconian Monk on Jan 18, 2017.
             Was a Believer of Qazlal.
             Quit the game on level 2 of the Dungeon.
             The game lasted 00:01:03 (625 turns).

Alarkh the Chopper (Draconian Monk)                  Turns: 625, Time: 00:01:04

Health: 31/31      AC:  5    Str: 13    XL:     3   Next: 0%
Magic:  3/3        EV: 13    Int: 11    God:    Qazlal [**....]
Gold:   97         SH:  3    Dex: 13    Spells: 0 memorised, 2 levels left

rFire  . . .     SeeInvis .     a - +0 hand axe
rCold  . . .     Gourm    .     (armour unavailable)
rNeg   . . .     Faith    .     (no shield)
rPois  .         Spirit   .     (helmet restricted)
rElec  .         Reflect  .     (no cloak)
rCorr  .         Harm     .     (no gloves)
MR     .....                    (no boots)
Stlth  +.........               (no amulet)
                                (no ring)
                                (no ring)

@: no status effects
A: unfitting armour, cold-blooded, AC +5
a: Upheaval, Renounce Religion


You were on level 2 of the Dungeon.
You worshipped Qazlal.
Qazlal was pleased with you.
You were not hungry.

You visited 1 branch of the dungeon, and saw 2 of its levels.

You collected 97 gold pieces.

Inventory:

Hand Weapons
 a - a +0 hand axe (weapon)
Scrolls
 e - a scroll of blinking {unknown}
 f - a scroll of identify {unknown}
 g - a scroll of random uselessness {unknown}
 h - a scroll of recharging {unknown}
 j - a scroll of magic mapping {unknown}
Potions
 c - a potion of agility {unknown}
 i - a potion of curing {unknown}
Comestibles
 b - a bread ration
 d - 3 chunks of flesh


   Skills:
 - Level 3.2 Fighting
 + Level 4.2 Axes
 - Level 2.6 Dodging
 - Level 1.7 Stealth


You had 2 spell levels left.
You didn't know any spells.

Dungeon Overview and Level Annotations

Branches:
Dungeon (2/15)

Altars:
Qazlal


Innate Abilities, Weirdness & Mutations

Your plain brown scales are hard. (AC +5)
You cannot fit into any form of body armour.
You are cold-blooded and may be slowed by cold attacks.


Message History

A hobgoblin is nearby!
Found a faded altar of an unknown god.
The helpless hobgoblin fails to defend itself.
You slash the hobgoblin!
You kill the hobgoblin!
You have reached level 3!
Your experience leads to an increase in your attributes!
Increase (S)trength, (I)ntelligence, or (D)exterity?
You feel clever.
Your scales feel tougher.
Some of the chunks of flesh in your inventory have rotted away.
There is a faded altar of an unknown god here.
You cannot tell which god this altar belongs to.
Convert to them anyway?
Okay, then.
You cannot tell which god this altar belongs to.
Convert to them anyway?
Qazlal accepts your prayer! Qazlal welcomes you!
You are surrounded by a storm.
You can now call upon nature to destroy your foes.
Qazlal grants you immunity to clouds.
Are you sure you want to abandon this character and quit the game? (Confirm with "yes".)

....###.# .....
.............## ##.
.............. ....
............. ...#
.......... ..###...#
......#### #......#
......#######......#####
...............ยง#.......
...............#@#....
......###.......#.......
......# #...............
####### #...........####
#...........#
##...........#
...............#
..........)......
................##


There were no monsters in sight!

Vanquished Creatures
  An ooze (D:1)
  2 leopard geckos (D:1)
  3 giant cockroaches (D:1)
  2 goblins (D:1)
  2 hobgoblins
  4 jackals (D:1)
  A kobold (D:1)
  A ball python (D:1)
  2 bats
  A rat (D:1)
19 creatures vanquished.

Notes
Turn   | Place    | Note
-------+----------+-------------------------------------------
     0 | D:1      | Alarkh the Draconian Monk began the quest for the Orb.
     0 | D:1      | Reached XP level 1. HP: 19/19 MP: 1/1
   249 | D:1      | Reached XP level 2. HP: 24/26 MP: 2/2
   357 | D:1      | Reached skill level 4 in Axes
   610 | D:2      | Found a faded altar of an unknown god.
   616 | D:2      | Reached XP level 3. HP: 31/31 MP: 3/3
   624 | D:2      | Became a worshipper of Qazlal Stormbringer
   624 | D:2      | Reached * piety under Qazlal
   624 | D:2      | Reached ** piety under Qazlal
   625 | D:2      | Quit the game

Skill      XL: |  1  2 |
---------------+-------+-----
Axes           | 4 |  4.2
Fighting       | |  3.2
Dodging        | |  2.6
Stealth        | |  1.7

Action                   || total
-------------------------++-------
Melee: Hand axe          ||    72
       Tailslap          ||    11
 Stab: Sleeping          ||     1
Armor: Skin              ||    20
Dodge: Dodged            ||    65
